Map: Blackpink LE

Players

Zest

  • Race: Protoss Protoss
  • Spawn Location: 1:00

Neeb - Winner!

  • Race: Protoss Protoss
  • Spawn Location: 7:00

Event: IEM Season 12 - Katowice

VOD

Have the link to the VOD?

Description

Time

  • Played on: March 2, 2018, 11:19 a.m.
  • Length: 13:23

All games in this series

Show
View Real Time Build Order
Export as new Build Order

Zest Protoss 

Build Orders: Phoenix Opening, Zealot Archon, Dark Templar Rush 

Get SALT Encoding   

  12  0:00  Probe  
  13  0:12  Probe  
  14  0:17  Pylon  
  14  0:24  Probe (Chrono Boost)  
  15  0:36  Gateway  
  15  0:37  Probe (Chrono Boost)  
  16  0:44  Probe (Chrono Boost)  
  16  0:45  Assimilator  
  17  0:51  Probe  
  17  0:53  Assimilator  
  18  1:03  Probe (Chrono Boost)  
  19  1:07  Gateway  
  19  1:13  Probe (Chrono Boost)  
  19  1:18  Probe (Chrono Boost)  
  20  1:23  Cybernetics Core  
  21  1:29  Probe  
  22  1:34  Pylon  
  22  1:41  Probe  
  23  1:53  Probe  
  24  1:59  Stalker  
  24  2:00  Warp Gate, Sentry  
  28  2:12  Pylon  
  28  2:18  Twilight Council  
  28  2:32  Stalker  
  32  2:55  Dark Shrine  
  30  2:58  Nexus  
  30  3:04  Phoenix  
  30  3:12  Shield Battery  
  30  3:13  Shield Battery  
  30  3:44  Probe  
  30  3:47  Robotics Facility  
  31  3:54  Pylon  
  31  3:58  Probe  
  32  4:10  Probe (Chrono Boost)  
  32  4:14  Dark Templar  
  32  4:15  Dark Templar  
  32  4:17  Probe (Chrono Boost)  
  36  4:22  Probe (Chrono Boost)  
  34  4:28  Probe (Chrono Boost)  
  36  4:31  Probe (Chrono Boost), Warp Prism (Chrono Boost)  
  36  4:35  Probe (Chrono Boost)  
  39  4:44  Probe (Chrono Boost)  
  38  4:46  Dark Templar  
  38  4:50  Dark Templar  
  43  4:56  Probe (Chrono Boost)  
  43  4:57  Probe (Chrono Boost)  
  44  5:04  Probe (Chrono Boost)  
  44  5:05  Probe (Chrono Boost)  
  44  5:11  Probe  
  45  5:17  Pylon  
  45  5:18  Probe  
  45  5:20  Pylon  
  46  5:22  Stalker x2  
  46  5:24  Probe  
  51  5:30  Probe  
  52  5:36  Probe  
  51  5:42  Probe  
  51  5:48  Probe  
  52  5:55  Probe  
  51  5:57  Charge (Chrono Boost)  
  51  6:00  Probe  
  51  6:02  Gateway  
  51  6:03  Gateway  
  52  6:08  Gateway  
  52  6:09  Stalker, Gateway  
  52  6:16  Stalker  
  54  6:23  Probe, Assimilator  
  54  6:24  Probe  
  54  6:25  Assimilator  
  54  6:27  Warp Prism (Chrono Boost)  
  56  6:35  Probe  
  56  6:36  Probe  
  56  6:39  Pylon  
  58  6:46  Pylon  
  58  6:49  Probe  
  58  6:52  Probe  
  60  7:05  Dark Templar x4  
  60  7:06  Zealot x2  
  60  7:08  Probe  
  73  7:14  Archon x2  
  73  7:29  Nexus, Dark Templar x2  
  77  7:33  Pylon  
  77  7:35  Archon  
  75  7:49  Probe  
  69  7:56  Zealot x2, Dark Templar x2  
  76  8:01  Zealot, Archon  
  78  8:07  Zealot  
  80  8:26  Zealot x4  
  82  8:30  Zealot x5  
  82  8:31  Zealot  
  80  8:35  Zealot x2  
  80  8:36  Zealot  
  72  8:52  Probe x2  
  74  8:57  Dark Templar  
  74  8:58  Dark Templar  
  74  8:59  Zealot, Sentry x2  
  84  9:05  Sentry  
  84  9:06  Archon  
  86  9:14  Gateway  
  86  9:25  Observer (Chrono Boost)  
  86  9:27  Probe x3  
  90  9:42  Probe  
  90  9:43  Probe x2  
  90  9:45  Immortal (Chrono Boost)  
  97  9:48  Pylon  
  97  9:49  Dark Templar x2  
  97  9:50  Zealot x2  
  105  9:53  Archon  
  105  9:55  Zealot  
  105  9:59  Zealot  
  109  10:23  Zealot x2, Dark Templar x2  
  109  10:28  Pylon x2, Archon  
  117  10:30  Pylon  
  117  10:31  Pylon  
  117  10:46  Probe x3  
  120  10:50  Robotics Facility  
  120  10:51  Robotics Bay  
  120  10:58  Probe x3  
  120  11:02  Dark Templar  
  120  11:03  Zealot x2  
  125  11:24  Pylon  
  123  11:36  Disruptor (Chrono Boost)  
  124  11:50  Disruptor (Chrono Boost)  
  124  11:53  Zealot x3, Dark Templar x2  
  137  11:56  Pylon  
  137  12:02  Archon  
  137  12:15  Dark Templar x2  
  141  12:20  Pylon  
  141  12:21  Pylon  
  141  12:22  Pylon  
  141  12:24  Pylon  
  141  12:25  Pylon  
  141  12:26  Pylon  
  135  12:40  Zealot  
  121  12:52  Zealot x2  
  121  12:57  Zealot  
  111  13:08  Zealot x2  
Show
View Real Time Build Order
Export as new Build Order

Neeb Protoss - Winner!

Build Orders: Oracle Opening, Archon Immortal 

Get SALT Encoding   

  12  0:00  Probe  
  13  0:12  Probe  
  14  0:21  Pylon  
  14  0:24  Probe  
  15  0:39  Probe (Chrono Boost)  
  15  0:40  Gateway  
  16  0:46  Assimilator  
  16  0:49  Probe (Chrono Boost)  
  17  0:54  Probe (Chrono Boost)  
  18  0:58  Assimilator  
  18  1:05  Probe (Chrono Boost)  
  18  1:07  Gateway  
  19  1:16  Probe (Chrono Boost)  
  20  1:21  Probe (Chrono Boost)  
  21  1:27  Cybernetics Core  
  21  1:32  Probe  
  22  1:34  Pylon  
  22  1:44  Probe  
  23  1:56  Probe  
  24  2:04  Stalker x2  
  24  2:05  Warp Gate  
  28  2:14  Pylon  
  28  2:23  Stargate  
  28  2:36  Stalker  
  29  2:45  Stalker  
  31  3:00  Nexus  
  31  3:14  Probe, Oracle (Chrono Boost)  
  35  3:22  Shield Battery  
  35  3:26  Probe  
  36  3:38  Pylon  
  37  3:46  Oracle (Chrono Boost)  
  39  3:56  Probe  
  40  4:05  Robotics Facility  
  40  4:08  Probe  
  42  4:20  Probe, Forge  
  42  4:21  Probe  
  46  4:31  Oracle (Chrono Boost)  
  46  4:33  Probe  
  46  4:40  Adept x2  
  47  4:48  Probe  
  47  4:49  Probe  
  47  5:01  Probe  
  47  5:02  Probe  
  49  5:09  Observer  
  49  5:13  Probe  
  51  5:15  Probe  
  52  5:22  Phoenix  
  52  5:25  Probe  
  52  5:27  Probe  
  56  5:36  Stalker x2  
  56  5:37  Probe  
  56  5:39  Probe  
  62  5:49  Probe  
  59  5:50  Protoss Ground Weapons Level 1 (Chrono Boost)  
  59  5:51  Probe  
  59  5:56  Assimilator  
  60  5:58  Assimilator  
  60  6:01  Probe  
  60  6:03  Probe  
  62  6:07  Pylon  
  62  6:10  Pylon  
  62  6:25  Probe x2  
  62  6:26  Immortal (Chrono Boost)  
  62  6:29  Twilight Council  
  68  6:38  Probe x2  
  68  6:39  Gateway  
  70  6:41  Gateway  
  70  6:44  Sentry x2  
  74  6:51  Pylon  
  76  6:55  Pylon  
  76  6:58  Immortal (Chrono Boost)  
  78  7:10  Gateway  
  78  7:11  Charge, Gateway  
  78  7:24  Gateway  
  78  7:29  Immortal (Chrono Boost)  
  78  7:30  Gateway  
  78  7:31  Protoss Ground Weapons Level 2 (Chrono Boost)  
  78  7:37  Probe  
  83  7:43  Probe  
  84  7:54  Zealot  
  84  7:55  Zealot x3  
  89  7:58  Immortal (Chrono Boost)  
  93  8:10  Pylon  
  93  8:12  Pylon  
  93  8:16  Templar Archives  
  93  8:21  Stalker  
  93  8:23  Zealot  
  93  8:24  Zealot  
  83  8:31  Zealot x2  
  87  8:38  Zealot x2  
  75  8:45  Zealot x2  
  73  8:53  High Templar x4  
  81  8:59  Archon x2  
  81  9:05  Zealot x2  
  85  9:14  Zealot x2  
  89  9:25  High Templar  
  89  9:26  High Templar  
  89  9:28  Nexus  
  89  9:30  Archon  
  93  9:37  Pylon  
  93  9:43  Pylon  
  92  9:48  High Templar  
  92  9:52  Pylon  
  94  9:56  Pylon  
  94  9:57  High Templar  
  94  9:59  Zealot x3  
  101  10:07  Archon  
  100  10:25  Pylon  
  100  10:30  High Templar x2  
  100  10:31  Warp Prism (Chrono Boost)  
  100  10:35  Archon, Photon Cannon  
  106  10:38  Photon Cannon  
  106  10:49  Zealot x3  
  112  10:57  High Templar  
  112  10:58  Zealot, High Templar  
  112  11:02  Archon  
  117  11:13  Zealot x4  
  111  11:24  Observer (Chrono Boost)  
  100  11:44  Zealot x5  
  100  11:46  Pylon  
  110  11:48  Pylon  
  110  12:12  Zealot x6  
  122  12:35  Zealot x2  
  112  12:47  Zealot x4  
  112  13:09  High Templar x5  
  108  13:13  Archon x2  
  108  13:18  Zealot x2, High Templar  

Tags
 
Add a new tag
Caveats
  • Supply blocks, unpowered buildings, or Contaminate may cause inaccurate times.
  • Supply counts are checked every 10 seconds.